 Dungeon Crawl Stone Soup version 0.28-a0-413-gde365fb1df (webtiles) character file.

Game seed: 12240914008723061443

5 heikuro the Shield-Bearer (level 1, -2/18 HPs)
             Began as a Formicid Fighter on Sept 8, 2021.
             Slain by a gnoll (8 damage)
             ... on level 1 of the Dungeon.
             The game lasted 00:00:28 (109 turns).

heikuro the Shield-Bearer (Formicid Fighter)         Turns: 109, Time: 00:00:28

Health: -2/18      AC:  6    Str: 20    XL:     1   Next: 88%
Magic:  1/1        EV:  9    Int:  7    God:
Gold:   0          SH:  4    Dex: 10    Spells: 0/0 levels left

rFire   . . .      SeeInvis +   a - +0 long sword
rCold   . . .      Faith    .   c - +0 buckler
rNeg    . . .      Spirit   .   b - +0 scale mail
rPois   .          Reflect  .   (helmet unavailable)
rElec   .          Harm     .   (no cloak)
rCorr   .          Rampage  .   (no gloves)
Will    .....                   (no boots)
Stlth   ..........              (no amulet)
HPRegen 0.06/turn               (no ring)
MPRegen 0.07/turn               (no ring)

@: no status effects
A: permanent stasis, dig shafts and tunnels, antennae 3, four strong arms
a: Dig, Shaft Self


You were on level 1 of the Dungeon.
You visited 1 branch of the dungeon, and saw 1 of its levels.

Inventory:

Hand Weapons
 a - a +0 long sword (weapon)
Armour
 b - a +0 scale mail (worn)
 c - a +0 buckler (worn)
Scrolls
 e - a scroll of enchant weapon {unknown}
Potions
 d - a potion of might


   Skills:
 + Level 3.3 Fighting
 * Level 2.2 Long Blades
 + Level 3.3 Armour
 + Level 3.7 Shields


You couldn't memorise any spells.
You didn't know any spells.
Your spell library was empty.

Dungeon Overview and Level Annotations

Branches:
Dungeon (1/15)

Altars:


Innate Abilities, Weirdness & Mutations

You cannot be hasted, slowed, berserked, paralysed or teleported.
You can dig through walls and to a lower floor.
You have a pair of large antennae on your head. (SInv)
Your four strong arms can wield two-handed weapons with a shield.


Message History

Found 12 gold pieces.
A rat is nearby!
A rat is nearby!
A rat is nearby!
A goblin comes into view. It is wielding a +0 club.
Found 3 gold pieces.
A gnoll comes into view. It is wielding a +0 flail.
The gnoll shouts!
You hear a shout!
A bat comes into view.
You block the rat's attack.
You slash the rat!
You kill the rat!
A hobgoblin comes into view.
The bat hits you but does no damage. The goblin barely misses you.
You see here a rat corpse.
You hit the goblin.
The goblin is severely wounded.
The bat hits you but does no damage. x2; The goblin misses you.
The bat hits you but does no damage. The bat hits you but does no damage.
The bat closely misses you. You block the bat's attack.
You block the bat's attack. The bat hits you but does no damage.
The bat hits you but does no damage. The bat hits you but does no damage.
You block the bat's attack. The bat closely misses you.
The gnoll barely misses you.
You closely miss the gnoll. The gnoll hits you with a +0 flail.
You hit the gnoll.
The gnoll is moderately wounded.
The gnoll hits you with a +0 flail!
You closely miss the gnoll.
The gnoll is moderately wounded.
The gnoll hits you with a +0 flail. You block the goblin's attack.
You hit the gnoll.
The gnoll is heavily wounded.
The gnoll hits you with a +0 flail!
You die...

..≈≈# ##≈.......# ..≈≈#
#≈≈...)...#
..≈≈#####.#####≈≈.#.#####
...≈≈≈≈≈#.#≈≈≈≈≈....#
...≈≈≈≈≈#.#≈≈≈≈≈..###
....≈≈≈≈#.#≈≈≈≈...#
##...≈≈≈#.#≈≈≈.gb##
.......≈#.#≈...#g#
#..>##.......##g@#
..#####....####.## .##
####..##..# .# ##....##
## #>.#### #...# #.#.#
...#.. {{ ######.


You could see a gnoll, a hobgoblin, a goblin and a bat.

Vanquished Creatures
  A ball python (D:1)
  An endoplasm (D:1)
  A frilled lizard (D:1)
  A goblin (D:1)
  2 rats (D:1)
6 creatures vanquished.

Notes
Turn   | Place    | Note
-------+----------+-------------------------------------------
     0 | D:1      | heikuro the Formicid Fighter began the quest for the Orb.
     0 | D:1      | Reached XP level 1. HP: 18/18 MP: 1/1
   109 | D:1      | Slain by a gnoll

Illustrated notes

Levels and vault maps discovered:
D:1:      ldierk_walled_garden, layout_rooms,
          hellmonk_ecumenical_altar_defaced_shrine, grunt_decor_junction

Action                   || total
-------------------------++-------
Melee: Long sword        ||    19
Armor: Scale mail        ||    16
Dodge: Dodged            ||    12
Block: Buckler           ||     7

Table legend: (Time is in decaauts)
 A = Elapsed time spent in this place.
 B = Non-inter-level travel time spent in this place.
 C = Inter-level travel time spent in this place.
 D = Time resting spent in this place.
 E = Time spent auto-exploring this place.
 F = Levels seen in this place.
 G = Mean time per level.
                   A        B        C        D        E       F      G
               +--------+--------+--------+--------+--------+-----+--------+
         Total |    114 |    114 |      0 |      0 |     60 |   1 |  114.0 |
       Dungeon |    114 |    114 |      0 |      0 |     60 |   1 |  114.0 |
               +--------+--------+--------+--------+--------+-----+--------+

Top non-repeatable levels by time:
     D:1: 114 daAuts
